 Dungeon Crawl Stone Soup version 0.28-a0-178-ga708605c5b (webtiles) character file.

Game seed: 1609873296800403516

33 willcat the Sneak (level 3, -8/23 (26) HPs)
             Began as an Octopode Delver on Aug 17, 2021.
             Mangled by Edmund (11 damage)
             ... on level 6 of the Dungeon.
             The game lasted 00:00:23 (94 turns).

willcat the Sneak (Octopode Delver)                   Turns: 94, Time: 00:00:24

HP:   -8/23 (26)    AC:  1    Str: 11    XL:     3   Next: 29%
MP:   3/3           EV: 13    Int: 12    God:
Gold: 16            SH:  0    Dex: 14    Spells: 2/2 levels left

rFire   . . .      SeeInvis .   a - +0 short sword
rCold   . . .      Faith    .   (no shield)
rNeg    . . .      Spirit   .   (helmet restricted)
rPois   .          Reflect  .   (no amulet)
rElec   .          Harm     .   (no ring)
rCorr   .          Rampage  .   (no ring)
Will    .....                   (no ring)
Stlth   ++++......              (no ring)
HPRegen 0.07/turn               (no ring)
MPRegen 0.08/turn               (no ring)
                                (no ring)
                                (no ring)

@: heavily drained
A: almost no armour, amphibious, 8 rings, camouflage 1, gelatinous body 1,
(nimble swimmer 1), tentacles
a: no special abilities


You were on level 6 of the Dungeon.
You visited 1 branch of the dungeon, and saw 2 of its levels.

You collected 16 gold pieces.

Inventory:

Hand Weapons
 a - a +0 short sword (weapon)
Wands
 f - a wand of digging (3)
Scrolls
 b - a scroll of fog
 c - a scroll of magic mapping
 d - a scroll of fear
Potions
 e - a potion of haste
 g - a potion of degeneration {unknown}


   Skills:
 - Level 3.0 Fighting
 + Level 2.6 Short Blades
 + Level 2.6 Dodging
 + Level 7.1 Stealth


You had 2 spell levels left.
You didn't know any spells.
Your spell library was empty.

Dungeon Overview and Level Annotations

Branches:
Dungeon (6/15)
 Temple: D:4-7

Altars:
Dithmenos

Annotations:
D:6 Edmund


Innate Abilities, Weirdness & Mutations

You cannot wear most types of armour.
You are amphibious.
You can wear up to eight rings at the same time.
Your skin changes colour to match your surroundings (Stealth+).
Your rubbery body absorbs attacks. (AC +1, EV +1)
((You are camouflaged near water. (Stealth+)))
You have tentacles for arms and can constrict up to eight enemies at once.


Message History

You feel agile.
An ogre comes into view. It is wielding a +0 giant club.
An ogre is nearby!
An orc comes into view. It is wielding a +0 club.
The orc shouts!
The ogre shouts!
A bullfrog comes into view.
An adder comes into view.
Okay, then.
There is a stone staircase leading down here.
You climb downwards.
Found 16 gold pieces and a yellow potion.
There is a stone staircase leading up here.
Unknown command.
You now have 16 gold pieces.
Found a shadowy altar of Dithmenos.
No reachable target in view!
Edmund the Younger comes into view.
He is wielding a +4 dire flail of draining.
You see here a yellow potion.
g - a yellow potion A shadow imp comes into view.
The helpless shadow imp fails to defend itself.
You impale the shadow imp!!
You kill the shadow imp!
Edmund hits you with a +4 dire flail of draining.
You feel drained.
You hit Edmund. Your grab misses Edmund. You squeeze Edmund.
Edmund is moderately wounded.
Edmund hits you with a +4 dire flail of draining!
Ouch! That really hurt!
* * * LOW HITPOINT WARNING * * *
You feel drained.
* * * LOW HITPOINT WARNING * * *
You closely miss Edmund. You grab Edmund. You squeeze Edmund!
Edmund is heavily wounded.
You constrict Edmund.
Unknown command.
You hit Edmund.
Edmund is heavily wounded.
You constrict Edmund.
Edmund hits you with a +4 dire flail of draining!
You die...

#.≈§≈§≈≈≈≈≈.# .###
##.§.......≈.##....
#..≈§§≈≈≈≈.≈......#
#..≈.≈...≈.≈..#####
#....≈._.≈.≈..##...
#..≈.≈.....≈.....#
#..≈.≈≈≈≈≈.≈....##
#.@≈Z.§....≈..###
#.@≈≈≈≈≈≈≈≈≈..##
#....§....§....#
#..............#
##.####........#
### ####......#
####.#.# ##..# #..#
.#


You could see Edmund and a centaur skeleton.

Vanquished Creatures
  An iguana (D:5)
  A shadow imp (D:6)
2 creatures vanquished.

Notes
Turn   | Place    | Note
-------+----------+-------------------------------------------
     0 | D:5      | willcat the Octopode Delver began the quest for the Orb.
     0 | D:5      | Reached XP level 1. HP: 16/16 MP: 1/1
    28 | D:5      | Noticed an iguana
    32 | D:5      | Killed an iguana
    33 | D:5      | Reached skill level 7 in Stealth
    33 | D:5      | Reached XP level 2. HP: 21/21 MP: 2/2
    33 | D:5      | Reached XP level 3. HP: 26/26 MP: 3/3
    33 | D:5      | Noticed an ogre
    35 | D:5      | Noticed a bullfrog
    65 | D:6      | Found a shadowy altar of Dithmenos.
    67 | D:6      | Noticed Edmund
    94 | D:6      | Mangled by Edmund

Illustrated notes

Levels and vault maps discovered:
D:5:      layout_loops_corners, kiku_gazebo_garden_becter, hangedman_decor_push,
          minivault_27
D:6:      minmay_evil_eye, layout_cave_pods,
          mainiacjoe_overflow_concentric_impassable,
          yredelemnul_forgotten_temple_becter, minmay_temple_entry_overgrown,
          uniq_edmund, uniq_duvessa

Skill      XL: |  1 |
---------------+----+-----
Stealth        | 7 |  7.1
Fighting       | |  3.0
Short Blades   | |  2.6
Dodging        | |  2.6

Action                   || total
-------------------------++-------
Melee: Short sword       ||     5
       Tentacles         ||     2
       Constrict         ||     1
 Stab: Sleeping          ||     2

Table legend: (Time is in decaauts)
 A = Elapsed time spent in this place.
 B = Non-inter-level travel time spent in this place.
 C = Inter-level travel time spent in this place.
 D = Time resting spent in this place.
 E = Time spent auto-exploring this place.
 F = Levels seen in this place.
 G = Mean time per level.
                   A        B        C        D        E       F      G
               +--------+--------+--------+--------+--------+-----+--------+
         Total |     93 |     93 |      0 |      0 |     36 |   2 |   46.5 |
       Dungeon |     93 |     93 |      0 |      0 |     36 |   2 |   46.5 |
               +--------+--------+--------+--------+--------+-----+--------+

Top non-repeatable levels by time:
     D:5: 58 daAuts
     D:6: 35 daAuts
